 Dungeon Crawl Stone Soup version 0.29.1-1-gd02db6906a (webtiles) character file.

Game seed: 16531815964070785079

100 unlimited1921 the Firebug (level 4, -12/39 HPs)
             Began as an Ogre Fire Elementalist on Oct 5, 2022.
             Mangled by a gnoll
             ... wielding a +0 halberd
              (13 damage)
             ... on level 3 of the Dungeon.
             The game lasted 00:17:11 (4940 turns).

unlimited1921 the Firebug (Ogre Fire Elementalist)  Turns: 4940, Time: 00:17:12

Health: -12/39     AC:  3    Str: 12    XL:     4   Next: 73%
Magic:  5/8        EV: 10    Int: 18    God:
Gold:   127        SH:  0    Dex:  9    Spells: 1/9 levels left

rFire   . . .      SeeInvis .   c - +0 dagger (venom)
rCold   . . .      Faith    .   (no shield)
rNeg    . . .      Spirit   .   a - +0 robe
rPois   .          Reflect  .   (helmet restricted)
rElec   .          Harm     .   (no cloak)
rCorr   .          Rampage  .   (gloves unavailable)
Will    .....                   (boots unavailable)
Stlth   +.........              (no amulet)
HPRegen 0.13/turn               (no ring)
MPRegen 0.11/turn               (no ring)

@: no status effects
A: large, unfitting armour, tough skin 1
a: no special abilities


You were on level 3 of the Dungeon.
You visited 1 branch of the dungeon, and saw 3 of its levels.

You collected 127 gold pieces.

Inventory:

Hand Weapons
 c - a +0 dagger of venom (weapon)
 d - a +0 short sword
 e - a +0 dagger
 n - a +0 sling
Missiles
 f - 15 stones
 p - 3 atropa-tipped darts
Armour
 a - a +0 robe (worn)
 m - a +2 kite shield
Jewellery
 l - a ring of ice
Scrolls
 h - 2 scrolls of teleportation
 i - a scroll of fog {unknown}
 j - a scroll of silence {unknown}
 k - a scroll of enchant weapon {unknown}
 o - 2 scrolls of blinking
 q - a scroll of amnesia {unknown}
 r - 4 scrolls of identify {unknown}
 s - a scroll of brand weapon {unknown}
Potions
 b - 2 potions of magic
 g - 2 potions of flight


   Skills:
 + Level 0.2 Fighting
 + Level 0.3 Short Blades
 + Level 0.3 Maces & Flails
 + Level 2.4 Dodging
 + Level 1.5 Stealth
 * Level 0.6 Shields
 + Level 3.2 Spellcasting
 + Level 1.8 Conjurations
 + Level 3.2 Fire Magic


You had one spell level left.
You knew the following spells:

 Your Spells              Type           Power      Damage    Failure   Level
a - Foxfire               Conj/Fire      48%        2x1d6     5%          1
b - Scorch                Fire           28%        2d6       6%          2
c - Searing Ray           Conj           18%        2d5       12%         2
d - Inner Flame           Hex/Fire       8%         N/A       24%         3

Your spell library contained the following spells:

 Spells                   Type           Power      Damage    Failure   Level
 Magic Dart               Conj           36%        1d4       8%          1
 Static Discharge         Conj/Air       6%         3-4/arc   17%         2
 Conjure Flame            Conj/Fire      12%        6-21      17%         3
 Flame Wave               Conj/Fire      12%        2d6       50%         4
 Sticky Flame             Conj/Fire      12%        2d4       50%         4
 Fulminant Prism          Conj/Hex       3%         3d6       73%         4
 Dispel Undead            Necr           2%         3d7       85%         4


Dungeon Overview and Level Annotations

Branches:
Dungeon (3/15)

Altars:


Innate Abilities, Weirdness & Mutations

You are too large for most types of armour.
You have tough skin. (AC +1)


Message History

You closely miss the jackal. The jackal closely misses you. x2
The jackal bites you. The jackal barely misses you.
You hit the jackal but do no damage.
The jackal looks as sick as possible!
The jackal is heavily wounded.
You kill the jackal!
The jackal bites you but does no damage.
You hit the jackal.
The jackal is poisoned.
The jackal is moderately wounded.
The jackal misses you.
You closely miss the jackal.
The jackal is moderately wounded.
The jackal bites you. The jackal barely misses you.
You barely miss the jackal.
The jackal is heavily wounded.
You kill the jackal!
No target in view!
No target in view!
No target in view!
No target in view!
You now have 127 gold pieces (gained 8).
A gnoll comes into view. It is wielding a +0 whip.
A gnoll comes into view. It is wielding a +0 flail.
A gnoll comes into view. It is wielding a +0 halberd.
The gnoll shouts! x3; You hear a shout!
A kobold comes into view. It is wielding a +0 dagger.
You completely miss the gnoll. The gnoll barely misses you.
The gnoll misses you.
You barely miss the gnoll. The gnoll completely misses you.
The gnoll hits you from afar with a +0 halberd!
The gnoll closely misses you.
You hit the gnoll.
The gnoll is poisoned.
The gnoll is lightly wounded.
The gnoll barely misses you. The gnoll hits you with a +0 whip!
Found a stone staircase leading down.
The gnoll hits you with a +0 flail!
* * * LOW HITPOINT WARNING * * *
The gnoll closely misses you. The gnoll hits you but does no damage.
You barely miss the gnoll. The gnoll hits you with a +0 flail!
* * * LOW HITPOINT WARNING * * *
The gnoll hits you with a +0 halberd!
You die...

####### .......
.......## ..
>........ ...
........# ....
.....K.g#######.#..
......g@...........
...###..g..........
#.........#...
##.........# .
...........##+##
.................
..........†...#+####
...................#
..#####.#........###


You could see 3 gnolls and a kobold.

Vanquished Creatures
  3 adders
  A worm (D:2)
  3 dart slugs
  4 bats
  4 endoplasms
  8 giant cockroaches
  13 goblins
  A hobgoblin (D:2)
  2 jackals (D:3)
  3 quokkas (D:1)
  5 ball pythons
  2 frilled lizards
  5 kobolds
  5 rats
59 creatures vanquished.

Vanquished Creatures (others)
  145 foxfires
145 creatures vanquished.

Grand Total: 204 creatures vanquished

Notes
Turn   | Place    | Note
-------+----------+-------------------------------------------
     0 | D:1      | unlimited1921 the Ogre Fire Elementalist began the quest
                  | for the Orb.
     0 | D:1      | Reached XP level 1. HP: 16/16 MP: 3/3
   118 | D:1      | Reached skill level 1 in Conjurations
   213 | D:1      | Reached XP level 2. HP: 24/24 MP: 3/5
  1784 | D:1      | Reached XP level 3. HP: 28/31 MP: 0/7
  3128 | D:2      | Learned a level 2 spell: Scorch
  3131 | D:2      | Learned a level 2 spell: Searing Ray
  3135 | D:2      | Learned a level 3 spell: Inner Flame
  3395 | D:2      | Reached XP level 4. HP: 39/39 MP: 2/8
  4940 | D:3      | HP: 1/39 [gnoll/+0 flail (7)]
  4940 | D:3      | Mangled by a gnoll

Illustrated notes

Levels and vault maps discovered:
D:1:      shiori_arrival_whats_in_store_for_you, layout_loops_ring
D:2:      kennysheep_the_goblin_king, layout_loops_ring
D:3:      minmay_skewed_foursquare, layout_basic,
          mainiacjoe_overflow_concentric_impassable, solitary_fountain

Skill      XL: |  1  2  3 |
---------------+----------+-----
Dodging        | 2 |  2.4
Conjurations   | 1 |  1.8
Fire Magic     | 3 |  3.2
Spellcasting   | 3 |  3.2
Fighting       | |  0.2
Short Blades   | |  0.3
Maces & Flails | |  0.3
Stealth        | |  1.5
Shields        | |  0.6

Action                   |  1- 3 |  4- 6 || total
-------------------------+-------+-------++-------
Melee: Club              |     5 |       ||     5
       Dagger            |    14 |    14 ||    28
       Short sword       |    20 |       ||    20
 Cast: Foxfire           |    84 |    25 ||   109
       Scorch            |       |    12 ||    12
  Use: Potion            |     2 |       ||     2
       Scroll            |       |     2 ||     2
Armor: Robe              |    28 |     5 ||    33
Dodge: Dodged            |    50 |    20 ||    70
